 Dungeon Crawl Stone Soup version 0.32-a0-607-g64ea0e4219 (webtiles) character file.

Game seed: 7642409078226834027

110 BeKind the Shield-Bearer (level 4, -1/33 HPs)
             Began as an Octopode Fighter on Mar 3, 2024.
             Slain by a gnoll
             ... wielding a +0 spear
              (4 damage)
             ... on level 3 of the Dungeon.
             The game lasted 00:04:02 (1939 turns).

BeKind the Shield-Bearer (Octopode Fighter)         Turns: 1939, Time: 00:04:02

Health: -1/33      AC:  1    Str: 17    XL:     4   Next: 91%
Magic:  4/4        EV: 13    Int: 10    God:
Gold:   105        SH:  4    Dex: 11    Spells: 2/3 levels left

rFire   . . .        a - +0 trident
rCold   . . .        b - +0 buckler
rNeg    . . .        (helmet restricted)
rPois   .            (no amulet)
rElec   .            (no ring)
rCorr   .            (no ring)
SInv    .            (no ring)
Will    .....        (no ring)
Stlth   +++          (no ring)
HPRegen 0.25/turn    (no ring)
MPRegen 0.09/turn    (no ring)
                     (no ring)

%: no passive effects
@: no status effects
A: almost no armour, amphibious, 8 rings, camouflage 1, gelatinous body 1,
nimble swimmer 1, tentacles
a: no special abilities


You were on level 3 of the Dungeon.
You visited 1 branch of the dungeon, and saw 3 of its levels.

You collected 105 gold pieces.

Inventory:

Hand Weapons
 a - a +0 trident (weapon)
Armour
 b - a +0 buckler (worn)
Scrolls
 e - 2 scrolls of fear {unknown}
 g - a scroll of summoning {unknown}
 h - a scroll of revelation {unknown}
 i - a scroll of amnesia {unknown}
 k - a scroll of identify {unknown}
 l - a scroll of brand weapon {unknown}
Potions
 c - 2 potions of might
 d - 2 potions of haste {unknown}
 f - 4 potions of curing {unknown}
 j - 2 potions of berserk rage {unknown}
 m - a potion of degeneration {unknown}


   Skills:
 + Level 3.7 Fighting
 + Level 2.9 Polearms
 + Level 3.7 Dodging
 + Level 3.8 Shields


You had 2 spell levels left.
You knew the following spells:

 Your Spells              Type           Power      Damage    Failure   Level
a - Sting                 Conj/Alch      0%         1d3       43%         1

Your spell library contained the following spells:

 Spells                   Type           Power      Damage    Failure   Level
 Mercury Vapours          Alch/Air       0%         N/A       58%         2
 Olgreb's Toxic Radiance  Alch           0%         N/A       99%         4


Dungeon Overview and Level Annotations

Branches:
Dungeon (3/15)

Altars:


Innate Abilities, Weirdness & Mutations

You cannot wear most types of armour.
You are amphibious.
You can wear up to eight rings at the same time.
Your skin changes colour to match your surroundings (Stealth+).
Your rubbery body absorbs attacks. (AC +1, EV +1)
You are camouflaged when in or above water. (Stealth+)
You have tentacles for arms and can constrict up to eight enemies at once.


Message History

You enter the shallow water.
The gnoll closely misses you.
A frilled lizard comes into view.
The gnoll splashes around in the water.
A hobgoblin comes into view.
The gnoll barely misses you.
The gnoll splashes around in the water.
The gnoll completely misses you.
You reach to attack!
You closely miss the gnoll.
The gnoll is moderately wounded.
You block the gnoll's attack.
You reach to attack!
You hit the gnoll.
The gnoll is moderately wounded.
The gnoll hits you from afar with a +0 spear!
* * * LOW HITPOINT WARNING * * *
You are too injured to fight recklessly!
You are too injured to fight recklessly!
You closely miss the frilled lizard. Your grab misses the frilled lizard.
The frilled lizard barely misses you. The gnoll barely misses you.
The frilled lizard bites you.
* * * LOW HITPOINT WARNING * * *
You barely miss the frilled lizard. Your grab misses the frilled lizard.
The gnoll closely misses you. The frilled lizard bites you.
* * * LOW HITPOINT WARNING * * *
You hit the frilled lizard but do no damage.
Your grab misses the frilled lizard. The gnoll closely misses you.
You block the frilled lizard's attack. The gnoll closely misses you.
You hit the frilled lizard.
You kill the frilled lizard!
The gnoll splashes around in the water.
The gnoll hits you from afar with a +0 spear!
* * * LOW HITPOINT WARNING * * *
The gnoll barely misses you.
The hobgoblin shouts!
The gnoll misses you. The gnoll closely misses you. The gnoll misses you.
The gnoll splashes around in the water.
The gnoll hits you from afar with a +0 spear.
You die...

#####.# #
#####<....#.#
#########.......~.~..
........)..~..~..~≈~.
.!..>####..~≈~≈≈~~≈~~
### #.g≈≈≈~~≈~≈~.
#~≈g≈≈~~~~≈~.
#..≈≈≈.$.~~~~
#~≈~†@._.~≈≈.
#~~~≈~♣.~≈≈~~
#~.≈≈≈~≈≈≈≈~.
#.~~≈≈≈≈≈≈≈~.
....~~≈≈≈≈≈~~~
...~..≈g~~~.~≈.
....~~~.~..~~ .
#......#######


You could see 2 gnolls and a hobgoblin.

Vanquished Creatures
  4 gnolls
  2 adders (D:2)
  A dart slug (D:2)
  A ribbon worm (D:2)
  An orc (D:2)
  5 endoplasms
  2 giant cockroaches
  5 goblins
  2 hobgoblins (D:1)
  6 kobolds
  2 quokkas
  7 ball pythons (D:1)
  3 bats
  3 frilled lizards
  3 rats
47 creatures vanquished.

Notes
Turn   | Place    | Note
-------+----------+-------------------------------------------
     0 | D:1      | BeKind the Octopode Fighter began the quest for the Orb.
     0 | D:1      | Reached XP level 1. HP: 16/16 MP: 1/1
   165 | D:1      | Reached XP level 2. HP: 10/21 MP: 2/2
   259 | D:1      | Learned a level 1 spell: Sting
   846 | D:1      | Reached XP level 3. HP: 26/26 MP: 3/3
  1544 | D:2      | Reached XP level 4. HP: 26/31 MP: 4/4
  1896 | D:3      | Found a faded altar of an unknown god.
  1931 | D:3      | HP: 1/33 [gnoll/+0 spear (7)]
  1939 | D:3      | Slain by a gnoll

Illustrated notes

Levels and vault maps discovered:
D:1:      spicycebolla_green_bress_n_ham, layout_basic
D:2:      layout_loops_ring
D:3:      layout_basic, chequers_ecumenical_altar_island, hex_tiny,
          kennysheep_generic_room_13

Action                     |  1- 3 |  4- 6 || total
---------------------------+-------+-------++-------
  Melee: Trident           |    73 |    35 ||   108
         Tentacles         |     8 |     3 ||    11
         Constrict         |     9 |     8 ||    17
   Stab: Sleeping          |    15 |     4 ||    19
         Distracted        |     1 |       ||     1
 Armour: Skin              |    21 |    16 ||    37
  Dodge: Dodged            |    14 |    20 ||    34
  Block: Buckler           |    10 |     4 ||    14

Table legend: (Time is in decaauts)
 A = Elapsed time spent in this place.
 B = Non-inter-level travel time spent in this place.
 C = Inter-level travel time spent in this place.
 D = Time resting spent in this place.
 E = Time spent auto-exploring this place.
 F = Levels seen in this place.
 G = Mean time per level.
                   A        B        C        D        E       F      G
               +--------+--------+--------+--------+--------+-----+--------+
         Total |   1961 |   1896 |     65 |      0 |   1513 |   3 |  653.7 |
       Dungeon |   1961 |   1896 |     65 |      0 |   1513 |   3 |  653.7 |
               +--------+--------+--------+--------+--------+-----+--------+

Top non-repeatable levels by time:
     D:1: 986 daAuts
     D:2: 929 daAuts
     D:3: 45 daAuts
